 Dungeon Sprint DCSS version 0.21.1-1-g345015f (webtiles) character file.

6268 wilfster70 the Ninja (level 10, -1/44 HPs)
             Began as a Spriggan Enchanter on Apr 3, 2018.
             Was a High Priest of Dithmenos.
             Slain by a demonic crawler (11 damage)
             ... in the Dungeon (Sprint I: "Red Sonja").
             The game lasted 00:09:43 (1343 turns).

wilfster70 the Ninja (Spriggan Enchanter)           Turns: 1343, Time: 00:09:43

Health: -1/44      AC:  2    Str:  8    XL:     10   Next: 62%
Magic:  25/25      EV: 24    Int: 22    God:    Dithmenos [*****.]
Gold:   533        SH:  0    Dex: 17    Spells: 24/30 levels left

rFire    . . .     SeeInvis +   b - +9 spear "Killer Klown's Foe" {venom, Str+4}
rCold    + . .     Gourm    .   (shield restricted)
rNeg     . . .     Faith    .   q - +0 robe
rPois    .         Spirit   .   k - +0 hat of the Aged Ships {*Slow rElec rC+ Int+2}
rElec    +         Reflect  .   (no cloak)
rCorr    .         Harm     .   (gloves unavailable)
MR       +....     NoTele   +   (boots unavailable)
Stlth    ++++++++++             (no amulet)
HPRegen  0.14/turn              (no ring)
MPRegen  0.19/turn              (no ring)

@: wreathed by umbra, very quick
A: very small, unfitting armour, see invisible, herbivore, speed 3, slow
metabolism 2
a: Shadow Step, Shadow Form, Renounce Religion


You were in the Dungeon.
You worshipped Dithmenos.
Dithmenos was extremely pleased with you.
You were not hungry.

You visited 1 branch You collected 1203 gold pieces.
You spent 670 gold pieces at shops.

Inventory:

Hand Weapons
 a - the +5 dagger "Vioxij" {holy, *Slow Dex+3}
   (You bought it in a shop in the Dungeon)

   It has been blessed by the Shining One to cause great damage to the undead
   and demons.
   It affects your dexterity (+3).
   It may slow you when you take damage.
 b - the +9 spear "Killer Klown's Foe" (weapon) {venom, Str+4}
   (You found it in the Dungeon)

   It poisons the flesh of those it strikes.
   It affects your strength (+4).
Armour
 k - the +0 hat of the Aged Ships (worn) {*Slow rElec rC+ Int+2}
   (You bought it in a shop in the Dungeon)

   It affects your intelligence (+2).
   It protects you from cold.
   It insulates you from electricity.
   It may slow you when you take damage.
 q - a +0 robe (worn)
Wands
 l - a wand of digging (6)
Scrolls
 j - 2 scrolls of blinking
 n - a scroll of enchant weapon
Potions
 e - 2 potions of curing
 f - a potion of heal wounds
 g - a potion of haste
 h - 2 potions of magic
 i - a potion of lignification {unknown}
 p - a potion of flight {unknown}
 r - a potion of mutation {unknown}
Books
 c - a book of Maledictions

   Spells                             Type                      Level
   a - Corona                         Hexes                        1
   b - Ensorcelled Hibernation        Hexes/Ice                    2
   c - Confuse                        Hexes                        3
   d - Tukima's Dance                 Hexes                        3
   e - Dazzling Spray                 Conjuration/Hexes            3
Comestibles
 d - 2 rations


   Skills:
 + Level 0.2 Fighting
 - Level 1.1 Short Blades
 - Level 8.9 Dodging
 O Level 27 Stealth
 - Level 10.6 Spellcasting
 - Level 9.5 Hexes
 - Level 7.5 Ice Magic


You had 24 spell levels left.
You knew the following spells:

 Your Spells              Type           Power        Failure   Level  Hunger
a - Corona                Hex            ######.      1%          1    None
b - Ensorcelled Hibernat  Hex/Ice        #####.       1%          2    None
c - Confuse               Hex            ######..     1%          3    None


Dungeon Overview and Level Annotations

Branches:
Dungeon (1/1)

Altars:
Cheibriados
Dithmenos
Elyvilon
Fedhas
Gozag
Hepliaklqana
Kikubaaqudgha
Makhleb
Nemelex Xobeh
Okawaru
Qazlal
Ru
Sif Muna
Trog
Uskayaw
Vehumet
Wu Jian
Xom
Yredelemnul
Zin
The Shining One
Jiyva
Lugonu

Shops:
D (}*(*!!=([!*[*}[(


Innate Abilities, Weirdness & Mutations

You are very small and have problems with some larger weapons.
You are too small for most types of armour.
You have supernaturally acute eyesight. (SInv)
You are a herbivore.
You cover ground extremely quickly.
You need consume almost no food.


Message History

The +5 dagger "Vioxij" {holy, *Slow Dex+3} stops glowing.
The +9 spear "Killer Klown's Foe" {venom, Str+4} begins to drip with poison!
b - the +9 spear "Killer Klown's Foe" (weapon)
{venom, Str+4}
There is an open door here.
You closely miss the demonic crawler.
Your shadow hits the demonic crawler but does no damage.
The demonic crawler hits you.
The demonic crawler closely misses you. x2
You hit the demonic crawler but do no damage.
The demonic crawler closely misses you. The demonic crawler hits you!
The demonic crawler closely misses you. x2; The demonic crawler hits you!
* * * LOW HITPOINT WARNING * * *
You emit a cloud of dark smoke.
The demonic crawler misses you. The demonic crawler closely misses you.
The demonic crawler misses you.
The demonic crawler hits you but does no damage.
You hit the demonic crawler.
The demonic crawler is lightly wounded.
The demonic crawler misses you.
The demonic crawler completely misses you.
The demonic crawler closely misses you. The demonic crawler hits you!
You die...

#####################
)'..#..'..#__#§§@s§)#
.#..').#..'..'§§#ss§##+#
###'#####'#__####s§§§§s#
##..#...#.####§§#####s.+
_####..##§#≈≈§§§#§.# +##
____##'#_n§§≈≈..§§§#
.∩...n..§_#≈≈§§)#§.#
..__##_.#'##'#####'###
____###'#.#[...###.'.#


You could see 4 demonic crawlers.

Vanquished Creatures
  2 centaur warriors (D)
  Sonja (D)
  2 unseen horrors (D)
  A deep troll (D)
  An oklob plant (D)
  2 kobold demonologists (D)
  A slime creature (D)
  A hornet (D)
  Sigmund (D)
  2 redbacks (D)
  A yak (D)
  2 floating eyes (D)
  An ogre (D)
  6 necrophages (D)
  8 jellies (D)
  Ijyb (D)
33 creatures vanquished.

Vanquished Creatures (others)
  A gargoyle (D)
1 creature vanquished.

Grand Total: 34 creatures vanquished

Notes
Turn   | Place    | Note
-------+----------+-------------------------------------------
     0 | D        | wilfster70 the Spriggan Enchanter began the quest for the Orb.
     0 | D        | Reached XP level 1. HP: 9/9 MP: 5/5
     1 | D        | Noticed Ijyb
    15 | D        | Killed Ijyb
    15 | D        | Reached skill level 7 in Stealth
    15 | D        | Reached skill level 5 in Hexes
    15 | D        | Reached XP level 2. HP: 13/13 MP: 5/7
    35 | D        | Learned a level 2 spell: Ensorcelled Hibernation
    66 | D        | Noticed an ogre
   127 | D        | Killed an ogre
   127 | D        | Reached skill level 10 in Stealth
   127 | D        | Reached skill level 5 in Spellcasting
   127 | D        | Reached skill level 1 in Ice Magic
   127 | D        | Reached XP level 3. HP: 16/16 MP: 0/10
   127 | D        | Reached XP level 4. HP: 21/21 MP: 0/12
   230 | D        | Noticed Sigmund
   236 | D        | Killed Sigmund
   236 | D        | Reached skill level 12 in Stealth
   236 | D        | Reached XP level 5. HP: 24/24 MP: 4/15
   236 | D        | Reached XP level 6. HP: 28/28 MP: 4/16
   322 | D        | Found a deep blue altar of Sif Muna.
   327 | D        | Learned a level 3 spell: Confuse
   327 | D        | Found an ornate altar of the Wu Jian Council.
   328 | D        | Found a radiant altar of Vehumet.
   332 | D        | Reached skill level 13 in Stealth
   362 | D        | Found Qunyut's Gadget Emporium.
   362 | D        | Found an ancient bone altar of Kikubaaqudgha.
   362 | D        | Found a hazy altar of Hepliaklqana.
   362 | D        | Found a hide-covered altar of Uskayaw.
   362 | D        | Found a basalt altar of Yredelemnul.
   362 | D        | Found an opulent altar of Gozag.
   362 | D        | Found a snail-covered altar of Cheibriados.
   362 | D        | Found a sacrificial altar of Ru.
   362 | D        | Found a shadowy altar of Dithmenos.
   362 | D        | Noticed a yak
   366 | D        | Killed a yak
   366 | D        | Reached skill level 14 in Stealth
   367 | D        | Found a stormy altar of Qazlal.
   367 | D        | Found a blossoming altar of Fedhas.
   367 | D        | Found a bloodstained altar of Trog.
   367 | D        | Found an iron altar of Okawaru.
   367 | D        | Found a glowing golden altar of the Shining One.
   367 | D        | Found a glowing silver altar of Zin.
   367 | D        | Found a white marble altar of Elyvilon.
   369 | D        | Found a sparkling altar of Nemelex Xobeh.
   375 | D        | Became a worshipper of Dithmenos the Shadowed
   494 | D        | Noticed Sonja
   498 | D        | Killed Sonja
   498 | D        | Reached skill level 17 in Stealth
   498 | D        | Reached XP level 7. HP: 32/32 MP: 19/21
   512 | D        | Found Liveof's Antique Weapon Boutique.
   520 | D        | Bought an ebony dagger for 189 gold pieces
   520 | D        | Identified the +5 dagger "Vioxij" {holy, *Slow Dex+3} (You bought it in a shop in the Dungeon)
   534 | D        | Noticed a deep troll
   538 | D        | Killed a deep troll
   538 | D        | Reached skill level 19 in Stealth
   538 | D        | Reached skill level 10 in Spellcasting
   538 | D        | Reached XP level 8. HP: 36/36 MP: 21/23
   544 | D        | Found Xatz's Armour Emporium.
   571 | D        | Noticed a centaur warrior
   572 | D        | Noticed a centaur warrior
   574 | D        | Killed a centaur warrior
   574 | D        | Reached * piety under Dithmenos
   574 | D        | Reached skill level 21 in Stealth
   574 | D        | Reached skill level 5 in Ice Magic
   574 | D        | Reached XP level 9. HP: 39/39 MP: 24/24
   578 | D        | Killed a centaur warrior
   578 | D        | Reached skill level 22 in Stealth
   695 | D        | Reached ** piety under Dithmenos
   705 | D        | Noticed an oklob plant
   707 | D        | Killed an oklob plant
   707 | D        | Reached skill level 23 in Stealth
   735 | D        | Reached *** piety under Dithmenos
   735 | D        | Reached skill level 24 in Stealth
   740 | D        | Noticed an unseen horror
   741 | D        | Noticed an unseen horror
   749 | D        | Killed an unseen horror
   749 | D        | Reached XP level 10. HP: 29/44 MP: 15/25
   752 | D        | Killed an unseen horror
   752 | D        | Reached skill level 25 in Stealth
   885 | D        | Reached **** piety under Dithmenos
   918 | D        | Reached ***** piety under Dithmenos
  1110 | D        | Killed a gargoyle
  1209 | D        | Found Foixt's Weapon Shoppe.
  1210 | D        | Found Languusm's General Store.
  1213 | D        | Reached skill level 26 in Stealth
  1218 | D        | Got a slimy spear
  1239 | D        | Found Voetakk's Assorted Antiques.
  1241 | D        | Found Peyjilaj's Distillery.
  1241 | D        | Found Tumuh's Distillery.
  1241 | D        | Found Omephe's Jewellery Shoppe.
  1241 | D        | Found Hozusihe's Antique Weapon Boutique.
  1241 | D        | Found Taeklaq's Armour Emporium.
  1241 | D        | Found Lepu's Distillery.
  1241 | D        | Found Guqaanon's General Store.
  1244 | D        | Found Uryqusib's Armour Boutique.
  1245 | D        | Found Peorgh Le Her's Gadget Emporium.
  1245 | D        | Found Qulussiq's Assorted Antiques.
  1255 | D        | Found Gadezoz's Antique Weapon Emporium.
  1260 | D        | Bought a scroll of identify for 26 gold pieces
  1260 | D        | Identified the +9 spear "Killer Klown's Foe" {venom, Str+4} (You found it in the Dungeon)
  1264 | D        | Bought the +0 hat of the Aged Ships {*Slow rElec rC+ Int+2} for 283 gold pieces
  1271 | D        | Bought a scroll of blinking for 172 gold pieces
  1308 | D        | Found a viscous altar of Jiyva.
  1308 | D        | Found a corrupted altar of Lugonu.
  1309 | D        | Found a burning altar of Makhleb.
  1309 | D        | Found a shimmering altar of Xom.
  1330 | D        | Reached skill level 27 in Stealth
  1343 | D        | Slain by a demonic crawler

Skill      XL: |  1  2  3  4  5  6  7  8  9 10 |
---------------+-------------------------------+-----
Stealth        | 7 10 12 17 19 21 24 27 | 27.0
Spellcasting   | 3 5 6 9 10 | 10.6
Hexes          | 5 7 9 |  9.5
Ice Magic      | 1 2 4 5 7 |  7.5
Dodging        | 6 7 8 |  8.9
Fighting       | |  0.2
Short Blades   | |  1.1

Action                   |  1- 3 |  4- 6 |  7- 9 | 10-12 || total
-------------------------+-------+-------+-------+-------++-------
Melee: Dagger            |    14 |     4 |    10 |    19 ||    47
       Spear             |       |       |       |     3 ||     3
 Cast: Ensorcelled Hiber |     6 |     7 |     7 |     5 ||    25
       Confuse           |       |       |       |     5 ||     5
Invok: Shadow Step       |       |       |       |     1 ||     1
  Use: Potion            |     1 |       |       |       ||     1
       Scroll            |       |     1 |       |     4 ||     5
 Stab: Sleeping          |     1 |     4 |     9 |    16 ||    30
       Confused          |       |       |       |     2 ||     2
Armor: Robe              |       |       |       |     2 ||     2
Dodge: Dodged            |    11 |     2 |     5 |    23 ||    41
